← All builds
Suicide front / Armada / Factory first / OBSERVED BUILD

Standard suicide front

Armada Suicide front build order · Supreme Isthmus

The role's standard play: bot lab first, Rocketeer/Centurion/Pawn based force pushes into the middle to contest and hold it until T2 arrives.

Usually lab first (63%)

#rush #push · 1370 distinct matches · 134 players · 71% of Armada Suicide front games · team won 59% of 1622 · Recently observed

HOW TO PLAY IT

Key timing: Bot Lab by 0:20

  1. Open with mex and wind, drop Bot Lab immediately.
  2. Push out first "Centurion" as Pond's boost lands.
  3. Send "Rocketeer", "Centurion", "Pawn" mix to contest middle.
  4. Add Dragon's Teeth and Sentries to hold the line.
  5. Get Advanced Metal Extractor up as T2 nears.

Phase by phase

TYPICAL OF ITS 1370 GAMES
  1. 1
  2. 2
  3. 3
PLAY THE OPENING

Follow the example game's first 6:00 step by step: what to build now, what comes next, and where it goes. At 1× it keeps pace with your own game.

  1. 1

    Bot Lab first

    Order
    1. Bot LabBot Lab done ~0:20, middle half 0:20–0:33

    Some games also: mex (36%)

  2. 2

    Bot Lab to 5:00

    Economy
    • Metal Extractor5Mex
    • Wind Turbine4Wind
    Builders
    • Construction Bot3 Con bot
    • Lazarus2 Lazarus
    Army
    • Sentry4 Sentry
    • Rocketeer17 Rocketeer
    • Tick2 Tick
    • Centurion1 Centurion
    Other
    • Radar Tower1 Radar Tower

    Some games also: con turret (35%) · pawn (34%)

    By 5:00 in all: 5 mex · 4 wind

    The example game in this phase · 43 steps
    1. Mex
    2. LazarusLazarus
    3. Wind ×2
    4. PawnPawn
    5. CenturionCenturion
    6. TickTick
    7. Construction BotCon bot
    8. Mex
    9. SentrySentry
    10. Construction BotCon bot
    11. Mex
    12. SentrySentry
    13. Construction BotCon bot
    14. Mex ×2
    15. RocketeerRocketeer ×3
    16. Wind
    17. RocketeerRocketeer
    18. Radar TowerRadar Tower
    19. RocketeerRocketeer
    20. Wind
    21. RocketeerRocketeer ×3
    22. Con turret
    23. RocketeerRocketeer
    24. Dragon's TeethDragon's Teeth ×2
    25. RocketeerRocketeer
    26. Dragon's TeethDragon's Teeth ×3
    27. RocketeerRocketeer
    28. Dragon's TeethDragon's Teeth ×4
    29. RocketeerRocketeer ×3
    30. Dragon's TeethDragon's Teeth ×2
    31. RocketeerRocketeer
    32. Dragon's TeethDragon's Teeth ×4
    33. RocketeerRocketeer ×2
    34. Wind
    35. RocketeerRocketeer
    36. Wind
    37. RocketeerRocketeer
    38. Wind
    39. RocketeerRocketeer
    40. Wind
    41. RocketeerRocketeer
    42. LazarusLazarus
    43. Wind
  3. 3

    5:00 to 10:00

    Economy
    • Metal Extractor1Mex
    • Wind Turbine16Wind
    Builders
    • Construction Turret2 Con turret
    • Lazarus2 Lazarus
    • Construction Bot1 Con bot
    Army
    • Sentry1 Sentry
    • Rocketeer8 Rocketeer
    • Pawn1 Pawn

    Some games also: tick (48%) · Radar Tower (46%) · energy storage (46%) · centurion (45%) · Beamer (39%)

    By 10:00 in all: 6 mex · 22 wind · 1 energy storage · 3 con turret

    The example game in this phase · 98 steps
    1. LazarusLazarus
    2. Dragon's TeethDragon's Teeth
    3. Wind
    4. Dragon's TeethDragon's Teeth ×2
    5. RocketeerRocketeer
    6. Dragon's TeethDragon's Teeth
    7. Radar TowerRadar Tower
    8. RocketeerRocketeer
    9. Energy storage
    10. Mex
    11. RocketeerRocketeer
    12. Con turret ×2
    13. Wind ×3
    14. GauntletGauntletdone 8:03
    15. Wind ×2
    16. Converter ×3
    17. Wind ×3
    18. Radar TowerRadar Tower
    19. Wind
    20. RocketeerRocketeer
    21. Wind
    22. RocketeerRocketeer
    23. Wind
    24. Dragon's TeethDragon's Teeth
    25. RocketeerRocketeer
    26. Dragon's TeethDragon's Teeth ×2
    27. Converter
    28. Dragon's TeethDragon's Teeth ×3
    29. PawnPawn
    30. Converter
    31. PawnPawn ×2
    32. Con turret
    33. PawnPawn
    34. Advanced Metal ExtractorT2 mexdone 10:48 · typical 9:37
    35. Sneaky PeteSneaky Pete
    36. Con turret
    37. PawnPawn
    38. Mex
    39. PawnPawn
    40. Advanced Metal ExtractorT2 mex
    41. Mex
    42. PawnPawn
    43. Wind
    44. LazarusLazarus
    45. Wind
    46. LazarusLazarus
    47. Mex
    48. Wind ×3
    49. LazarusLazarus ×2
    50. Advanced Metal ExtractorT2 mex
    51. Wind
    52. PawnPawn
    53. Mex
    54. Wind
    55. PawnPawn
    56. Wind
    57. FatboyFatboydone 12:43
    58. Wind
    59. PawnPawn
    60. Wind
    61. PawnPawn ×5
    62. Converter
    63. Mex
    64. PawnPawn
    65. Wind
    66. Advanced Metal ExtractorT2 mex
    67. Converter
    68. PawnPawn
    69. Wind
    70. PawnPawn ×2
    71. Wind
    72. PawnPawn ×2
    73. Construction BotCon bot
    74. Wind
    75. Construction BotCon bot
    76. Wind
    77. Construction BotCon bot
    78. Wind
    79. Construction BotCon bot
    80. Wind
    81. Construction BotCon bot
    82. Wind
    83. PawnPawn ×2
    84. Wind ×2
    85. Advanced Metal ExtractorT2 mex
    86. PawnPawn
    87. Wind
    88. PawnPawn ×3
    89. Wind
    90. PawnPawn ×2
    91. Wind
    92. PawnPawn
    93. Con turret
    94. Wind
    95. PawnPawn
    96. Con turret
    97. Wind
    98. PawnPawn

Counts are medians over the build's games: half of them build more, half fewer. The example game is TrapCaT's (43 OS, 03/10/2026); pick another.

Team trades

IN AT LEAST 30% OF ITS GAMES

You hand over

Nothing regular.

You get

  • Tidal Generator4 Tidal from Pondfirst at 0:10 · in 69% of games
  • Advanced Construction Bot1 T2 con bot from Geo or Techfirst at 7:31 · in 59% of games

How it plays out

Typical game of this build, running totals by minute

Metal produced

010k20k30k
0:005:0010:0015:00

metal

Enemy metal destroyed

05k10k
0:005:0010:0015:00

metal

Own metal lost

05k10k
0:005:0010:0015:00

metal

1622 games.

Show as table
ByMetal produced: This buildEnemy metal destroyed: This buildOwn metal lost: This build
1:0022500
2:0088800
3:002046182106
4:003153660497
5:00424214231017
6:00543423021780
7:00667131742707
8:00792440303620
9:00928547894504
10:001067154195322
11:001222558976059
12:001407665136804
13:001614670297522
14:001797976778330
15:002028882939186
WHAT THE NUMBERS SAY

Standard suicide front play wins slightly more than half its games with fast kills but also fast losses, matching the raw grind of the role.

  • + First kill lands by 2:04 in all games
  • + Metal produced reaches 19882 by 15:00
  • − Own metal lost hits 9208 by 15:00, near metal destroyed of 8172
  • − First unit lost as early as 2:08 in every game
THE EXAMPLE YOU ARE READING

TrapCaT

42.9 OS · 03/10/2026

Open source match ↗

5 received units · includes a constructor
119 metal received · 11333 energy received

Allied construction assistance is unknown. Timings are observations, not a promise of solo reproducibility.

Typical milestones

Bot Lab0:20Middle 50%: 0:20–0:33 · n=1615
Advanced Metal Extractor9:37Middle 50%: 8:42–10:48 · n=1197

Played most by

_X_255games of this buildPlatinumBlonde183games of this buildXad147games of this buildImmort78games of this buildTrapCaT68games of this build